 Dungeon Sprint DCSS version 0.30.1-11-g7821555f0a (webtiles) character file.

Game seed: 4605433465057321559

41 Heoruswealwe the Poker (level 3, -3/36 HPs)
             Began as a Minotaur Fighter on Nov 7, 2023.
             Slain by a scorpion (6 damage)
             ... in the Dungeon (Sprint IX: "|||||||||||||||||||||||||||||").
             The game lasted 00:00:36 (55 turns).

Heoruswealwe the Poker (Minotaur Fighter)             Turns: 55, Time: 00:00:37

Health: -3/36      AC:  7    Str: 22    XL:     3   Next: 32%
Magic:  2/2        EV:  9    Int:  5    God:
Gold:   0          SH:  4    Dex:  9    Spells: 2/2 levels left

rFire   . . .        a - +0 trident
rCold   . . .        d - +0 buckler
rNeg    . . .        c - +0 scale mail
rPois   .            (helmet restricted)
rElec   .            (no cloak)
rCorr   .            (no gloves)
SInv    .            (no boots)
Will    .....        (no amulet) Stlth
                     (no ring)
HPRegen 0.26/turn    (no ring)
MPRegen 0.08/turn

%: no teleportation
@: no status effects
A: horns 2, retaliatory headbutt
a: no special abilities


You were in the Dungeon.
You visited 1 branch

Inventory:

Hand Weapons
 a - a +0 trident (weapon)
Armour
 c - a +0 scale mail (worn)
 d - a +0 buckler (worn)
Scrolls
 j - a scroll of blinking
Potions
 b - a potion of might
 g - a potion of haste
 i - a potion of berserk rage


   Skills:
 + Level 5.3 Fighting
 * Level 6.1 Polearms
 + Level 5.3 Armour
 - Level 3.6 Shields


You had 2 spell levels left.
You didn't know any spells.
Your spell library was empty.

Dungeon Overview and Level Annotations

Branches:
Dungeon (1/1)

Altars:


Innate Abilities, Weirdness & Mutations

You have a pair of horns on your head.
You reflexively headbutt those who attack you in melee.


Message History

Increase (S)trength, (I)ntelligence, or (D)exterity?
You feel stronger. x2
You feel better. The adder closely misses you.
You puncture the adder!
The adder is almost dead.
The adder bites you but does no damage.
You miss the adder.
The adder is almost dead.
The adder bites you but does no damage. You block the adder's attack.
You barely miss the adder.
The adder is almost dead.
Your attacks no longer feel as feeble.
The adder bites you but does no damage.
You closely miss the adder. You headbutt the adder.
You kill the adder!
Your Polearms skill increases to level 6!
You barely miss the gnoll bouda. You headbutt the gnoll bouda.
The gnoll bouda is lightly wounded.
The gnoll bouda hits you with a +0 whip.
You hit the gnoll bouda but do no damage.
The gnoll bouda is lightly wounded.
The gnoll bouda hits you with a +0 whip!
* * * LOW HITPOINT WARNING * * *
You closely miss the gnoll bouda.
The gnoll bouda is lightly wounded.
The gnoll bouda barely misses you.
You closely miss the gnoll bouda.
The gnoll bouda is lightly wounded.
The gnoll bouda hits you with a +0 whip.
* * * LOW HITPOINT WARNING * * *
You puncture the gnoll bouda!
The gnoll bouda is severely wounded.
The gnoll bouda hits you but does no damage.
You barely miss the gnoll bouda.
The gnoll bouda is severely wounded.
The gnoll bouda hits you but does no damage.
You puncture the gnoll bouda!
You kill the gnoll bouda!
The scorpion stings you.
You die...

▓+▓
▓.▓
▓.▓
▓.▓
▓.▓
▓S▓
▓s▓
▓@▓
▓.▓
▓.▓
▓.▓
▓)▓
▓'▓
▓.▓
▓!▓
▓.▓


You could see a scorpion and an adder.

Vanquished Creatures
  A gnoll bouda (D)
  A sleepcap (D)
  An adder (D)
  An endoplasm (D)
  A goblin (D)
  3 hobgoblins (D)
8 creatures vanquished.

Notes
Turn   | Place    | Note
-------+----------+-------------------------------------------
     0 | D        | Heoruswealwe the Minotaur Fighter began the quest for the
                  | Orb.
     0 | D        | Reached XP level 1. HP: 19/19 MP: 0/0
     6 | D        | Reached skill level 3 in Polearms
    16 | D        | Reached skill level 4 in Polearms
    33 | D        | Noticed a scorpion
    33 | D        | Noticed a gnoll bouda
    33 | D        | Noticed a sleepcap
    41 | D        | HP: 1/20 [sleepcap (16)]
    43 | D        | Killed a sleepcap
    44 | D        | Reached skill level 5 in Fighting
    44 | D        | Reached skill level 5 in Polearms
    44 | D        | Reached skill level 5 in Armour
    44 | D        | Reached XP level 2. HP: 2/29 MP: 1/1
    44 | D        | Reached XP level 3. HP: 3/36 MP: 2/2
    49 | D        | Reached skill level 6 in Polearms
    55 | D        | Slain by a scorpion

Illustrated notes

Levels and vault maps discovered:
D:        linesprint [early_d, line_temple, items_1, d_10, items_2, lair_1,
          lair_end, items_3, orc_1, orc_end, items_4, d_15, swamp_1, shoals_1,
          snake_1, spider_1, d_20, vaults_1, items_5, swamp_end, shoals_end,
          snake_end, spider_end, vaults_end, d_27, items_6, zot_1, zot_end,
          crypt_end, forest_end, elf_end, slime_end, tomb_end, abyss_end,
          pan_hell_end]

Skill      XL: |  1  2  3 |
---------------+----------+-----
Polearms       | 5 6 |  6.1
Fighting       | 5 |  5.3
Armour         | 5 |  5.3
Shields        | |  3.6

Action                     || total
---------------------------++-------
  Melee: Trident           ||    27
         Headbutt          ||     6
    Use: Potion            ||     2
 Armour: Scale mail        ||    13
  Dodge: Dodged            ||     6
  Block: Buckler           ||     1
